AoeStats
← gob b

Hill Fort

504612295Analyzed
4v4 RM · 26d ago on Sep 5, 2026· 51m 14s· 8 players
Game mode
Random Map
Map size
Large (8 player)
Population
200
Speed
Normal
Resources
Standard
Victory
Conquest
Starting age
Dark Age
Ending age
Imperial Age
RankedLock teamsTeams togetherTeam positionsShared explorationLock speedFull tech treeHidden civsTurbo modeCheats
Victory
Defeat
🇺🇸 Mongols · United States
1173
+13
🇺🇸 Muisca · United States
1167
+13
🇮🇳 Burgundians · India
1112
+15
🇨🇴 Khmer · Colombia
1105
+14
🇲🇽 Inca · Mexico
1121
-15
🇲🇽 Vikings · Mexico
1098
-14
🇲🇽 Spanish · Mexico
1082
-13
🇲🇽 Cumans · Mexico
1073
-13
gob b
5:05 Loom
11:22 Feudal Age
16:30 Castle Age
14:46 Double-Bit Axe
14:55 Horse Collar
15:50 Bow Saw
23:21 Wheelbarrow
25:11 Cavalier
25:59 Husbandry
26:06 Scale Barding Armor
27:43 Heavy Plow
28:46 Forging
28:40 Scale Mail Armor
29:40 Hand Cart
36:14 Gold Mining
37:02 Iron Casting
36:47 Chain Barding Armor
39:10 Imperial Age
37:34 Fletching
39:23 Gold Shaft Mining
39:17 Paladin
40:58 Blast Furnace
40:34 Plate Barding Armor
39:55 Bodkin Arrow
40:11 Burgundian Vineyards
40:28 Conscription
BuFu1
9:42 Feudal Age
15:24 Castle Age
14:01 Double-Bit Axe
14:27 Horse Collar
16:34 Bow Saw
17:23 Loom
28:20 Fletching
29:26 Wheelbarrow
29:36 Bodkin Arrow
30:17 Ballistics
29:51 Gold Mining
30:34 Padded Archer Armor
33:00 Hand Cart
32:30 Town Watch
33:28 Leather Archer Armor
33:23 Thumb Ring
33:44 Husbandry
33:55 Bloodlines
37:38 Imperial Age
39:16 Conscription
38:38 Elite Mangudai
39:40 Bracer
40:42 Chemistry
40:11 Parthian Tactics
40:19 Drill
40:07 Capped Ram
41:40 Siege Ram
45:28 Gold Shaft Mining
48:26 Town Patrol
AaronPaulus
10:21 Feudal Age
9:35 Loom
11:01 Double-Bit Axe
13:12 Horse Collar
15:17 Scale Mail Armor
15:47 Champi Runner
17:54 Forging
21:56 Castle Age
20:30 Gold Mining
23:12 Chain Mail Armor
22:19 Champi Warrior
24:37 Fletching
25:59 Heavy Plow
26:42 Bodkin Arrow
27:57 Iron Casting
28:55 Padded Archer Armor
33:09 Pikeman
35:14 Ballistics
35:13 Squires
38:07 Wheelbarrow
37:45 Bow Saw
38:47 Town Watch
39:53 Hand Cart
43:00 Imperial Age
42:14 Thumb Ring
42:29 Stone Mining
43:08 Elite Champi Warrior
44:20 Plate Mail Armor
43:52 Bracer
46:17 Elite Temple Guard
47:51 Elite Skirmisher
Zombie
11:45 Feudal Age
10:29 Loom
18:25 Castle Age
19:32 Double-Bit Axe
20:27 Bow Saw
26:38 Fletching
28:17 Bodkin Arrow
34:11 Horse Collar
38:35 Wheelbarrow
43:51 Imperial Age
40:49 Light Cavalry
41:39 Bloodlines
42:36 Hand Cart
42:54 Husbandry
43:50 Padded Archer Armor
43:58 Scale Barding Armor
45:13 Chain Barding Armor
45:04 Forging
44:55 Hussar
47:37 Iron Casting
49:43 Conscription
52:28 Blast Furnace
VolJeen
0:36 Loom
10:31 Feudal Age
11:39 Horse Collar
15:00 Double-Bit Axe
19:28 Gold Mining
21:11 Fletching
21:21 Padded Archer Armor
26:09 Castle Age
24:46 Wheelbarrow
26:57 Forging
26:52 Scale Barding Armor
27:26 Gold Shaft Mining
27:22 Heavy Plow
30:15 Bloodlines
33:33 Iron Casting
35:53 Chain Barding Armor
36:39 Light Cavalry
37:49 Capped Ram
42:27 Imperial Age
40:15 Hand Cart
39:48 Town Watch
42:51 Scale Mail Armor
42:39 Cavalier
42:43 Hussar
46:03 Blast Furnace
48:02 Plate Barding Armor
48:01 Squires
scorpio
3:06 Loom
10:28 Feudal Age
14:20 Double-Bit Axe
14:22 Horse Collar
21:13 Castle Age
19:43 Stone Mining
21:44 Bloodlines
22:48 Stone Shaft Mining
22:30 Bow Saw
22:09 Light Cavalry
23:10 Forging
29:21 Husbandry
29:28 Scale Barding Armor
28:59 Pikeman
31:07 Iron Casting
31:31 Chain Barding Armor
31:19 Heavy Plow
32:38 Fervor
35:54 Sanctity
38:21 Imperial Age
37:51 Wheelbarrow
37:10 Fletching
39:48 Hand Cart
39:18 Town Watch
40:39 Blast Furnace
40:14 Plate Barding Armor
39:02 Hussar
40:21 Block Printing
40:23 Elite Skirmisher
41:41 Bodkin Arrow
41:47 Padded Archer Armor
43:29 Thumb Ring
44:22 Conscription
45:13 Squires
46:17 Bracer
46:32 Leather Archer Armor
47:41 Guilds
49:24 Hoardings
49:03 Halberdier
50:58 Town Patrol
Briando
5:36 Loom
9:34 Feudal Age
10:14 Double-Bit Axe
10:11 Horse Collar
18:59 Castle Age
17:20 Fletching
17:51 Gold Mining
20:06 Bow Saw
20:34 Gold Shaft Mining
20:05 Bodkin Arrow
21:20 Ballistics
38:11 Imperial Age
40:24 Chemistry
39:30 Siege Engineers
45:04 Bracer
45:04 Padded Archer Armor
46:21 Two-Man Saw
46:53 Conscription
46:39 Chieftains
46:01 Pikeman
46:42 Squires
47:00 Squires
46:28 Elite Skirmisher
48:31 Forging
48:21 Scale Mail Armor
48:39 Leather Archer Armor
48:39 Forging
50:56 Iron Casting
mtph
9:49 Feudal Age
10:18 Champi Runner
15:33 Arson
23:33 Castle Age
22:14 Forging
22:05 Scale Mail Armor
23:16 Loom
25:19 Double-Bit Axe
25:17 Horse Collar
27:32 Champi Warrior
29:39 Squires
30:46 Fletching
31:39 Gold Mining
34:59 Iron Casting
36:55 Andean Sling
37:16 Heavy Plow
37:27 Bow Saw
37:53 Gold Shaft Mining
37:36 Bow Saw
36:49 Elite Skirmisher
39:38 Padded Archer Armor
39:34 Bodkin Arrow
39:55 Chain Mail Armor
41:18 Ballistics
40:55 Murder Holes
46:00 Pikeman
47:22 Leather Archer Armor
49:41 Imperial Age
Connection lost

Rejoining the realm…

Still unreachable

The connection could not be restored.

Session expired

The server has moved on; the page needs a fresh start.